 Dungeon Crawl Stone Soup version 0.30-a0-722-g3e6e8c874d (webtiles) character file.

Game seed: 15929071487918475799

560 Bnni the Vexing (level 7, -1/52 HPs)
             Began as a Formicid Hexslinger on Jan 28, 2023.
             Slain by an ogre
             ... wielding a +0 giant club
              (30 damage)
             ... on level 4 of the Dungeon.
             The game lasted 00:04:38 (3169 turns).

Bnni the Vexing (Formicid Hexslinger)               Turns: 3169, Time: 00:04:39

Health: -1/52      AC:  3    Str: 15    XL:     7   Next: 57%
Magic:  0/11       EV: 12    Int: 14    God:
Gold:   118        SH:  0    Dex: 14    Spells: 3/11 levels left

rFire   . . .      SeeInvis +    a - +1 sling
rCold   . . .      Faith    .    (no shield)
rNeg    + . .      Spirit   .    c - +0 robe
rPois   .          Reflect  .    (helmet unavailable)
rElec   .          Harm     .    (no cloak)
rCorr   .          Rampage  .    q - +0 pair of gloves
Will    .....                    (no boots)
Stlth   +                        (no amulet)
HPRegen 0.28/turn                u - ring of positive energy
MPRegen 0.12/turn                (no ring)

@: very slightly contaminated
A: permanent stasis, dig shafts and tunnels, antennae 3, four strong arms
a: Dig, Shaft Self


You were on level 4 of the Dungeon.
You visited 1 branch of the dungeon, and saw 4 of its levels.

You collected 176 gold pieces.
You spent 58 gold pieces at shops.

Inventory:

Hand Weapons
 a - a +1 sling (weapon)
Missiles
 p - 4 poisoned darts
 s - 3 throwing nets
Armour
 c - a +0 robe (worn)
 m - an orb of mayhem
 q - a +0 pair of gloves (worn)
Jewellery
 u - a ring of positive energy (left hand)
Wands
 h - a wand of polymorph (1)
Scrolls
 b - a scroll of poison
 d - a scroll of immolation {unknown}
 e - a scroll of magic mapping {unknown}
 k - a scroll of fear {unknown}
 t - a scroll of enchant armour {unknown}
 v - a scroll of noise {unknown}
 x - a scroll of teleportation {unknown}
 y - a scroll of identify {unknown}
 A - a scroll of blinking {unknown}
 B - a scroll of enchant weapon {unknown}
Potions
 f - a potion of magic {unknown}
 g - a potion of attraction {unknown}
 i - a potion of flight {unknown}
 j - 2 potions of lignification {unknown}
 l - a potion of might {unknown}
 n - 2 potions of heal wounds {unknown}
 o - a potion of mutation {unknown}
 r - a potion of cancellation {unknown}
 w - a potion of ambrosia {unknown}
 z - a potion of berserk rage {unknown}
 C - a potion of curing


   Skills:
 + Level 3.1 Fighting
 * Level 4.4 Ranged Weapons
 - Level 1.7 Dodging
 + Level 2.7 Spellcasting
 * Level 5.9 Hexes
 - Level 3.0 Fire Magic


You had 3 spell levels left.
You knew the following spells:

 Your Spells              Type           Power      Damage    Failure   Level
a - Slow                  Hex            72%        N/A       1%          1
b - Inner Flame           Hex/Fire       14%        N/A       11%         3
d - Cause Fear            Hex            9%         N/A       19%         4

Your spell library contained the following spells:

 Spells                   Type           Power      Damage    Failure   Level
 Scorch                   Fire           20%        2d6       10%         2
 Portal Projectile        Hex/Tloc       20%        N/A       21%         3
 Static Discharge         Conj/Air       2%         2-3/arc   32%         2
 Ozocubu's Armour         Ice            1%         N/A       54%         3
 Stone Arrow              Conj/Erth      2%         3d7       54%         3
 Vhi's Electric Charge    Tloc/Air       2%         N/A       54%         3
 Flame Wave               Conj/Fire      6%         2d5       75%         4
 Animate Armour           Summ/Erth      2%         N/A       91%         4
 Arcjolt                  Conj/Air       0%         1d10      99%         5
 Lightning Bolt           Conj/Air       0%         1d11      99%         5
 Summon Cactus Giant      Summ           0%         N/A       100%        6
 Ozocubu's Refrigeration  Ice            0%         4d7       100%        7
 Lehudib's Crystal Spear  Conj/Erth      0%         10d2      100%        8


Dungeon Overview and Level Annotations

Branches:
Dungeon (4/15)
 Temple: D:4-7

Altars:
Qazlal

Shops:
D:4 *


Innate Abilities, Weirdness & Mutations

You cannot be hasted, slowed, berserked, paralysed or teleported.
You can dig through walls and to a lower floor.
You have a pair of large antennae on your head. (SInv)
Your four strong arms can wield two-handed weapons with a shield.


Message History

Confirm with . or Enter, or press ? or * to list all spells.
You don't know that spell.
Unknown command.
Casting: Slow (safe; 1% risk of failure)
Confirm with . or Enter, or press ? or * to list all spells.
Aiming: Slow (safe; 1% risk of failure)
Press: ? - help, Shift-Dir - straight line, f/p - ogre
Aim: an ogre, wielding a +0 giant club (severely wounded, chance to affect: 50%)
The ogre resists with significant effort.
The ogre closely misses you.
Adjust (i)tems, (s)pells, or (a)bilities?
Adjust which spell? c - Cause Fear Adjust to which letter? d - Cause Fear
Casting: Slow (safe; 1% risk of failure)
Confirm with . or Enter, or press ? or * to list all spells.
The spell is quite dangerous to miscast (19% risk of failure)!
Continue anyway?
Okay, then.
Casting: Cause Fear (quite dangerous; 19% risk of failure)
Confirm with . or Enter, or press ? or * to list all spells.
The spell is quite dangerous to miscast (19% risk of failure)!
Continue anyway? [Y]es or [N]o only, please.
The spell is quite dangerous to miscast (19% risk of failure)!
Continue anyway?
Casting: Cause Fear (quite dangerous; 19% risk of failure)
Press: ? - help, Dir - look around, f - activate You miscast Cause Fear.
You are very lightly contaminated with residual magic.
Waves of light ripple over your body.
Your stasis prevents you from being slowed.
The endoplasm hits you but does no damage.
Casting: Cause Fear (quite dangerous; 19% risk of failure)
Confirm with . or Enter, or press ? or * to list all spells.
The spell is quite dangerous to miscast (19% risk of failure)!
Continue anyway?
Casting: Cause Fear (quite dangerous; 19% risk of failure)
Press: ? - help, Dir - look around, f - activate You miscast Cause Fear.
Nothing appears to happen.
The ogre hits you with a +0 giant club!!
Ouch! That really hurt!
You die...

.#...).......#.. ###
.............#..
...#####......#........#
.....#........#.......#
............#.#.<....##
......................####.
................ll..l......
.......).......JO# ##......
........#.###.##@###.......
..........###..............
...........................
........####....[..........
..###....)...##++##...#####.
#.###........# #..#......
#..##........# #....####
.............# #..#....#
####.........# #..####...


You could see an ogre, 2 iguanas and an endoplasm.

Vanquished Creatures
  Grinder (D:4)
  Eustachio (D:4)
  A necrophage (D:4)
  An iguana (D:4)
  5 gnolls
  2 adders
  4 worms
  9 endoplasms
  2 giant cockroaches (D:1)
  6 goblins
  7 hobgoblins
  4 kobolds
  4 quokkas
  5 ball pythons
  4 bats
  4 frilled lizards
  5 rats
65 creatures vanquished.

Vanquished Creatures (others)
  2 plants (D:4)
2 creatures vanquished.

Grand Total: 67 creatures vanquished

Notes
Turn   | Place    | Note
-------+----------+-------------------------------------------
     0 | D:1      | Bnni the Formicid Hexslinger began the quest for the Orb.
     0 | D:1      | Reached XP level 1. HP: 15/15 MP: 2/2
   113 | D:1      | Reached XP level 2. HP: 21/21 MP: 3/3
   167 | D:1      | HP: 1/21 [quokka (1)]
   461 | D:1      | Reached skill level 1 in Fire Magic
   510 | D:1      | Reached skill level 4 in Hexes
   510 | D:1      | Reached XP level 3. HP: 12/26 MP: 1/5
   514 | D:1      | Learned a level 3 spell: Inner Flame
  1273 | D:2      | Reached XP level 4. HP: 32/32 MP: 6/6
  1334 | D:2      | HP: 1/32 [poisoned by an adder]
  1530 | D:2      | Found a stormy altar of Qazlal.
  1839 | D:3      | Found a faded altar of an unknown god.
  1929 | D:3      | Reached XP level 5. HP: 25/38 MP: 0/7
  2495 | D:4      | Noticed Eustachio
  2505 | D:4      | Killed Eustachio
  2506 | D:4      | Reached skill level 5 in Hexes
  2506 | D:4      | Reached XP level 6. HP: 13/46 MP: 6/9
  2988 | D:3      | Learned a level 4 spell: Cause Fear
  2998 | D:4      | Noticed Grinder
  3011 | D:4      | Killed Grinder
  3012 | D:4      | Reached XP level 7. HP: 32/52 MP: 6/11
  3119 | D:4      | Found Gepal's Assorted Antiques.
  3129 | D:4      | Bought a scroll labelled REN SUCSOUK for 29 gold pieces
  3129 | D:4      | Bought a scroll labelled HIAGENGAEMU for 29 gold pieces
  3169 | D:4      | Slain by an ogre

Illustrated notes

Levels and vault maps discovered:
D:1:      dpeg_arrival_yet_another_circle, layout_loops_ring, item_on_display_a
D:2:      layout_basic, basic_altar, st_stairs_5
D:3:      layout_rooms, nicolae_ecumenical_pavilion, grunt_ministairs_7
D:4:      layout_rooms, general_overflow_altar, kennysheep_slug_shrine,
          gammafunk_ghost_necromancy, serial_shops, nicolae_square_shop,
          nicolae_stop_n_shop_2, nicolae_shop_overgrown_old_shop, uniq_grinder,
          uniq_crazy_yiuf_cottage, uniq_eustachio

Skill      XL: |  1  2  3  4  5  6 |
---------------+-------------------+-----
Fire Magic     | 1 2 3 |  3.0
Hexes          | 4 5 |  5.9
Ranged Weapons | 3 4 |  4.4
Fighting       | 2 3 |  3.1
Spellcasting   | 2 |  2.7
Dodging        | |  1.7

Action                     |  1- 3 |  4- 6 |  7- 9 || total
---------------------------+-------+-------+-------++-------
   Fire: Sling             |   119 |   147 |    11 ||   277
  Throw: Dart              |       |     3 |       ||     3
   Cast: Slow              |     3 |     7 |     3 ||    13
         Inner Flame       |       |     5 |     1 ||     6
    Use: Potion            |       |     2 |       ||     2
 Armour: Robe              |    12 |    24 |     1 ||    37
  Dodge: Dodged            |    26 |   108 |     4 ||   138

Table legend: (Time is in decaauts)
 A = Elapsed time spent in this place.
 B = Non-inter-level travel time spent in this place.
 C = Inter-level travel time spent in this place.
 D = Time resting spent in this place.
 E = Time spent auto-exploring this place.
 F = Levels seen in this place.
 G = Mean time per level.
                   A        B        C        D        E       F      G
               +--------+--------+--------+--------+--------+-----+--------+
         Total |   3241 |   3088 |    153 |    442 |   2061 |   4 |  810.2 |
       Dungeon |   3241 |   3088 |    153 |    442 |   2061 |   4 |  810.2 |
               +--------+--------+--------+--------+--------+-----+--------+

Top non-repeatable levels by time:
     D:3: 1016 daAuts
     D:1: 1014 daAuts
     D:2: 870 daAuts
     D:4: 340 daAuts
